General information
- name: BNet
- type: Ladder team game (AT/RT)
- host: Battle.net
- saver: Stabbersquad
map: Battleground
- players: 8
- length: 46:30
- speed: Fast
- version: 1.26 W3XP
- replay type: Public
» download(246 KB)
Players
team 1 (loser)
Pavel_D (
blue | 42 APM | 1924 actions | 45:56)
7 Priestess of the Moon
3 Trueshot Aura
3 Scout
1 Starfall
» actions
| Assign group hotkey | 17 | |
| Basic commands | 65 | |
| Build / train | 67 | |
| ESC pressed | 2 | |
| Enter build submenu | 22 | |
| Enter hero's abilities submenu | 7 | |
| Give item / drop item | 2 | |
| Right click | 597 | |
| Select / deselect | 407 | |
| Select group hotkey | 673 | |
| Use ability | 65 | |
1924 total
» units
» upgrades
| Improved Bows | 1 | |
| Marksmanship | 1 | |
| Strength of the Moon | 1 | |
| Ultravision | 2 | |
| Well Spring | 1 | |
6 total
» buildings
| Altar of Elders | 2 | |
| Moon Well | 11 | |
| Ancient of War | 2 | |
| Ancient of Wonders | 1 | |
| Tree of Ages | 1 | |
| Tree of Eternity | 2 | |
| Tree of Life | 3 | |
| Hunter's Hall | 1 | |
23 total
» build order
00:12 Altar of Elders
00:19 Moon Well
00:47 Ancient of War
01:34 Moon Well
02:00 Ancient of Wonders
02:28 Moon Well
03:26 Ancient of War
04:13 Tree of Ages
04:33 Moon Well
07:05 Tree of Eternity
07:05 Tree of Eternity
08:21 Moon Well
08:22 Moon Well
08:59 Tree of Life
09:03 Hunter's Hall
14:24 Moon Well
17:56 Tree of Life
18:00 Moon Well
18:03 Moon Well
18:17 Tree of Life
18:52 Altar of Elders
18:57 Moon Well
19:01 Moon Well
» items
| Scroll of Regeneration | 2 | |
| Scroll of Town Portal | 5 | |
| Potion of Lesser Invulnerability | 2 | |
| Staff of Teleportation | 1 | |
| Anti-magic Potion | 1 | |
11 total
Opex (
yellow | 30 APM | 1382 actions | 46:14)
6 Keeper of the Grove
3 Entangling Roots
2 Thorns Aura
1 Tranquility
» actions
| Assign group hotkey | 49 | |
| Basic commands | 54 | |
| Build / train | 106 | |
| Enter build submenu | 24 | |
| Enter hero's abilities submenu | 6 | |
| Give item / drop item | 4 | |
| Remove unit from queue | 8 | |
| Right click | 435 | |
| Select / deselect | 366 | |
| Select group hotkey | 200 | |
| Use ability | 130 | |
1382 total
» units
| Wisp | 27 | |
| Archer | 25 | |
| Hippogryph | 4 | |
| Druid of the Talon | 12 | |
68 total
» upgrades
| Improved Bows | 1 | |
| Hippogryph Taming | 2 | |
| Marksmanship | 1 | |
| Strength of the Moon | 1 | |
| Moon Armor | 1 | |
| Druid of the Talon Training | 2 | |
| Strength of the Wild | 0 | |
| Reinforced Hides | -1 | |
| Well Spring | 1 | |
| Ultravision | 1 | |
| Mark of the Talon | 1 | |
10 total
» buildings
| Altar of Elders | 1 | |
| Moon Well | 8 | |
| Ancient of War | 1 | |
| Tree of Ages | 2 | |
| Hunter's Hall | 1 | |
| Ancient of Wonders | 1 | |
| Tree of Eternity | 1 | |
| Ancient of Wind | 2 | |
| Ancient Protector | 5 | |
| Tree of Life | 4 | |
26 total
» build order
00:19 Altar of Elders
00:25 Moon Well
00:33 Ancient of War
01:34 Moon Well
02:56 Tree of Ages
02:56 Tree of Ages
04:22 Moon Well
04:25 Moon Well
05:17 Hunter's Hall
05:37 Ancient of Wonders
06:04 Tree of Eternity
06:20 Ancient of Wind
06:24 Ancient of Wind
06:30 Ancient Protector
13:35 Ancient Protector
13:41 Ancient Protector
15:08 Ancient Protector
15:19 Ancient Protector
22:38 Moon Well
22:38 Moon Well
23:08 Tree of Life
31:31 Tree of Life
31:38 Tree of Life
35:22 Moon Well
36:30 Moon Well
41:00 Tree of Life
» items
| Boots of Speed | 1 | |
| Staff of Teleportation | 1 | |
| Orb of Venom | 1 | |
| Potion of Healing | 2 | |
| Potion of Mana | 1 | |
| Scroll of Town Portal | 1 | |
| Moonstone | 2 | |
| Lesser Clarity Potion | 1 | |
10 total
whackamoel (
red | 64 APM | 2981 actions | 46:29)
8 Archmage
3 Summon Water Elemental
3 Brilliance Aura
1 Mass Teleport
1 Blizzard
2 Mountain King
1 Storm Bolt
1 Bash
» actions
| Assign group hotkey | 63 | |
| Basic commands | 51 | |
| Build / train | 103 | |
| Enter build submenu | 25 | |
| Enter hero's abilities submenu | 10 | |
| Give item / drop item | 4 | |
| Right click | 1213 | |
| Select / deselect | 379 | |
| Select group hotkey | 940 | |
| Use ability | 193 | |
2981 total
» units
| Peasant | 30 | |
| Footman | 5 | |
| Forest Troll Shadow Priest | 1 | |
| Gryphon Rider | 10 | |
| Sorceress | 1 | |
| Dragonhawk Rider | 1 | |
48 total
» upgrades
| Lumber Harvesting | 2 | |
| Masonry | 3 | |
| Animal War Training | 1 | |
| Swords | 2 | |
| Armor | 2 | |
| Storm Hammers | 1 | |
| Cloud | 1 | |
| Sorceress Training | 2 | |
14 total
» buildings
| Altar of Kings | 1 | |
| Barracks | 1 | |
| Farm | 7 | |
| Scout Tower | 32 | |
| Arcane Tower | 1 | |
| Lumber Mill | 1 | |
| Town Hall | 2 | |
| Keep | 1 | |
| Arcane Vault | 1 | |
| Guard Tower | 11 | |
| Castle | 1 | |
| Gryphon Aviary | 3 | |
| Blacksmith | 1 | |
| Arcane Sanctum | 1 | |
64 total
» build order
00:15 Altar of Kings
00:20 Barracks
00:35 Farm
00:50 Farm
01:34 Farm
01:38 Scout Tower
02:17 Arcane Tower
02:42 Lumber Mill
03:19 Farm
04:11 Town Hall
04:44 Keep
06:08 Arcane Vault
06:28 Scout Tower
06:29 Scout Tower
06:30 Scout Tower
06:30 Scout Tower
06:32 Scout Tower
06:32 Scout Tower
06:40 Scout Tower
06:40 Scout Tower
06:44 Scout Tower
06:45 Scout Tower
06:51 Scout Tower
07:18 Guard Tower
07:18 Guard Tower
07:29 Guard Tower
07:50 Guard Tower
08:33 Castle
08:53 Gryphon Aviary
09:09 Gryphon Aviary
09:45 Gryphon Aviary
09:48 Farm
09:48 Farm
09:49 Farm
10:43 Blacksmith
12:39 Scout Tower
12:40 Scout Tower
12:40 Scout Tower
12:40 Scout Tower
12:41 Scout Tower
12:42 Scout Tower
12:42 Scout Tower
12:43 Scout Tower
13:22 Guard Tower
13:23 Guard Tower
13:51 Guard Tower
14:01 Guard Tower
14:35 Scout Tower
14:36 Scout Tower
14:36 Scout Tower
14:40 Scout Tower
14:40 Scout Tower
14:40 Scout Tower
15:16 Guard Tower
15:23 Arcane Sanctum
16:41 Guard Tower
23:10 Scout Tower
23:10 Scout Tower
23:10 Scout Tower
23:12 Scout Tower
23:13 Scout Tower
23:13 Scout Tower
23:49 Guard Tower
29:01 Town Hall
» items
| Potion of Healing | 2 | |
| Potion of Mana | 1 | |
| Potion of Lesser Invulnerability | 1 | |
| Scroll of Town Portal | 3 | |
| Scroll of Healing | 1 | |
| Mechanical Critter | 2 | |
| Scroll of Regeneration | 1 | |
| Staff of Teleportation | 2 | |
13 total
JamesPlato (
purple | 22 APM | 974 actions | 43:49)
6 Priestess of the Moon
3 Trueshot Aura
2 Scout
1 Starfall
» actions
| Build / train | 93 | |
| Enter build submenu | 36 | |
| Enter hero's abilities submenu | 6 | |
| Remove unit from queue | 5 | |
| Right click | 505 | |
| Select / deselect | 277 | |
| Use ability | 52 | |
974 total
» units
| Wisp | 33 | |
| Huntress | 6 | |
| Chimaera | 5 | |
| Druid of the Claw | 6 | |
| Dryad | 10 | |
60 total
» upgrades
| Strength of the Wild | 3 | |
| Reinforced Hides | 3 | |
| Corrosive Breath | 1 | |
| Well Spring | 1 | |
| Ultravision | 1 | |
| Abolish Magic | 1 | |
| Druid of the Claw Training | 2 | |
| Mark of the Claw | 1 | |
13 total
» buildings
| Moon Well | 15 | |
| Ancient of War | 1 | |
| Hunter's Hall | 2 | |
| Altar of Elders | 2 | |
| Tree of Ages | 2 | |
| Tree of Eternity | 2 | |
| Ancient of Wind | 2 | |
| Chimaera Roost | 2 | |
| Ancient of Wonders | 1 | |
| Tree of Life | 5 | |
| Ancient of Lore | 2 | |
| Ancient Protector | 1 | |
37 total
» build order
00:26 Moon Well
01:26 Ancient of War
01:31 Hunter's Hall
01:44 Altar of Elders
02:00 Moon Well
02:19 Moon Well
03:33 Tree of Ages
04:40 Moon Well
06:13 Tree of Eternity
06:19 Ancient of Wind
08:48 Chimaera Roost
08:52 Chimaera Roost
09:04 Ancient of Wind
09:09 Ancient of Wonders
12:49 Moon Well
12:54 Moon Well
14:34 Moon Well
21:44 Tree of Life
22:27 Tree of Life
22:46 Moon Well
22:54 Moon Well
23:03 Altar of Elders
23:10 Moon Well
26:11 Tree of Ages
27:23 Hunter's Hall
29:05 Ancient of Lore
29:11 Ancient of Lore
30:20 Tree of Eternity
31:37 Ancient Protector
34:05 Moon Well
34:23 Tree of Life
36:29 Moon Well
37:20 Moon Well
38:13 Tree of Life
38:28 Moon Well
38:42 Moon Well
40:22 Tree of Life
team 2 (winner)

»
BigDilly (
green | 35 APM | 1193 actions | 34:11)
6 Mountain King
3 Storm Bolt
3 Bash
3 Paladin
1 Holy Light
1 Devotion Aura
1 Divine Shield
1 Death Knight
1 Animate Dead
» actions
| Assign group hotkey | 29 | |
| Basic commands | 11 | |
| Build / train | 90 | |
| Enter build submenu | 29 | |
| Enter hero's abilities submenu | 10 | |
| Remove unit from queue | 3 | |
| Right click | 520 | |
| Select / deselect | 340 | |
| Select group hotkey | 67 | |
| Use ability | 94 | |
1193 total
» units
| Peasant | 22 | |
| Footman | 11 | |
| Knight | 7 | |
| Priest | 6 | |
| Siege Engine | 3 | |
| Mortar Team | 3 | |
| Crypt Fiend | 2 | |
54 total
» upgrades
| Defend | 1 | |
| Masonry | 1 | |
| Swords | 1 | |
| Plating | 2 | |
| Lumber Harvesting | 2 | |
| Animal War Training | 1 | |
| Priest Training | 2 | |
| Barrage | 1 | |
| Fragmentation Shards | 1 | |
| Flare | 1 | |
13 total
» buildings
| Altar of Kings | 1 | |
| Barracks | 2 | |
| Farm | 10 | |
| Scout Tower | 3 | |
| Arcane Vault | 1 | |
| Arcane Tower | 1 | |
| Lumber Mill | 1 | |
| Keep | 1 | |
| Blacksmith | 1 | |
| Guard Tower | 1 | |
| Castle | 1 | |
| Arcane Sanctum | 2 | |
| Town Hall | 4 | |
| Workshop | 3 | |
32 total
» build order
00:18 Altar of Kings
00:23 Barracks
00:26 Farm
01:07 Farm
01:43 Scout Tower
01:50 Arcane Vault
02:13 Farm
02:22 Farm
02:30 Arcane Tower
03:18 Barracks
03:42 Lumber Mill
04:25 Farm
06:00 Keep
06:09 Blacksmith
06:33 Scout Tower
06:35 Scout Tower
07:23 Guard Tower
08:11 Farm
08:26 Castle
09:20 Arcane Sanctum
09:31 Arcane Sanctum
12:04 Town Hall
12:37 Farm
12:38 Farm
12:40 Farm
14:31 Farm
16:14 Town Hall
16:59 Workshop
21:04 Town Hall
22:40 Workshop
25:44 Workshop
32:11 Town Hall
» items
| Scroll of Regeneration | 2 | |
| Lesser Clarity Potion | 1 | |
| Scroll of Town Portal | 4 | |
7 total
Stabbersquad (
orange | 73 APM | 3395 actions | 46:30)
10 Blood Mage
3 Flame Strike
3 Siphon Mana
1 Summon Phoenix
3 Banish
» actions
| Assign group hotkey | 78 | |
| Basic commands | 207 | |
| Build / train | 161 | |
| ESC pressed | 18 | |
| Enter build submenu | 61 | |
| Enter hero's abilities submenu | 10 | |
| Give item / drop item | 6 | |
| Right click | 1217 | |
| Select / deselect | 348 | |
| Select group hotkey | 1045 | |
| Use ability | 244 | |
3395 total
» units
| Peasant | 14 | |
| Footman | 4 | |
| Sorceress | 1 | |
| Gryphon Rider | 5 | |
| Dragonhawk Rider | 5 | |
29 total
» upgrades
| Masonry | 3 | |
| Lumber Harvesting | 2 | |
| Sorceress Training | 2 | |
| Magic Sentry | 1 | |
| Swords | 3 | |
| Armor | 3 | |
| Storm Hammers | 1 | |
| Cloud | 1 | |
| Animal War Training | 1 | |
| Plating | 3 | |
| Gunpowder | 3 | |
| Priest Training | 1 | |
24 total
» buildings
| Altar of Kings | 2 | |
| Barracks | 1 | |
| Farm | 13 | |
| Arcane Vault | 2 | |
| Scout Tower | 29 | |
| Lumber Mill | 2 | |
| Arcane Tower | 4 | |
| Keep | 2 | |
| Town Hall | 5 | |
| Arcane Sanctum | 1 | |
| Guard Tower | 49 | |
| Gryphon Aviary | 4 | |
| Castle | 2 | |
| Blacksmith | 1 | |
117 total
» build order
00:52 Altar of Kings
00:53 Barracks
00:56 Farm
01:00 Farm
01:01 Farm
01:06 Farm
01:20 Farm
02:03 Arcane Vault
02:18 Scout Tower
02:25 Lumber Mill
02:48 Arcane Tower
02:48 Arcane Tower
02:48 Arcane Tower
04:24 Keep
04:25 Keep
06:35 Town Hall
06:38 Scout Tower
06:39 Scout Tower
06:41 Scout Tower
06:46 Scout Tower
07:18 Arcane Sanctum
07:29 Town Hall
07:30 Scout Tower
07:32 Scout Tower
07:33 Scout Tower
08:02 Guard Tower
08:03 Guard Tower
08:03 Guard Tower
08:03 Guard Tower
08:05 Scout Tower
08:05 Guard Tower
08:06 Guard Tower
08:07 Scout Tower
08:09 Scout Tower
08:11 Scout Tower
08:34 Guard Tower
08:35 Guard Tower
08:35 Guard Tower
08:37 Scout Tower
08:41 Guard Tower
08:45 Guard Tower
08:45 Guard Tower
08:46 Scout Tower
08:48 Scout Tower
09:07 Guard Tower
09:07 Guard Tower
09:31 Guard Tower
09:31 Guard Tower
10:04 Scout Tower
10:05 Scout Tower
10:06 Scout Tower
10:08 Scout Tower
10:10 Scout Tower
10:50 Guard Tower
10:50 Guard Tower
11:01 Scout Tower
11:01 Scout Tower
11:02 Scout Tower
11:04 Scout Tower
11:30 Altar of Kings
11:32 Guard Tower
11:37 Guard Tower
11:38 Guard Tower
11:38 Guard Tower
11:39 Guard Tower
12:23 Gryphon Aviary
12:36 Gryphon Aviary
13:23 Castle
15:48 Farm
15:49 Farm
15:53 Farm
16:03 Blacksmith
17:30 Guard Tower
21:19 Lumber Mill
23:06 Gryphon Aviary
23:09 Gryphon Aviary
23:18 Scout Tower
23:19 Scout Tower
23:20 Scout Tower
23:21 Scout Tower
23:26 Scout Tower
23:47 Guard Tower
23:48 Guard Tower
23:48 Guard Tower
23:48 Guard Tower
23:49 Guard Tower
23:49 Guard Tower
24:21 Guard Tower
24:21 Guard Tower
24:22 Guard Tower
26:27 Town Hall
30:25 Guard Tower
30:25 Guard Tower
39:36 Farm
39:37 Farm
39:37 Farm
39:38 Farm
39:40 Farm
40:37 Town Hall
43:47 Town Hall
43:55 Arcane Vault
» items
| Scroll of Regeneration | 8 | |
| Lesser Clarity Potion | 3 | |
| Staff of Teleportation | 1 | |
| Boots of Speed | 1 | |
| Potion of Invisibility | 1 | |
| Periapt of Vitality | 1 | |
| Scroll of Town Portal | 5 | |
20 total

»
curlyfries (
pink | 80 APM | 2505 actions | 31:15)
6 Shadow Hunter
3 Healing Wave
2 Hex
1 Big Bad Voodoo
5 Death Knight
3 Death Coil
2 Unholy Aura
3 Tauren Chieftain
1 Endurance Aura
2 Shockwave
» actions
| Assign group hotkey | 42 | |
| Basic commands | 136 | |
| Build / train | 90 | |
| ESC pressed | 7 | |
| Enter build submenu | 31 | |
| Enter hero's abilities submenu | 15 | |
| Give item / drop item | 3 | |
| Right click | 825 | |
| Select / deselect | 546 | |
| Select group hotkey | 679 | |
| Use ability | 131 | |
2505 total
» units
| Peon | 8 | |
| Acolyte | 12 | |
| Ghoul | 4 | |
| Crypt Fiend | 17 | |
| Obsidian Statue | 3 | |
| Meatwagon | 5 | |
49 total
» upgrades
| Creature Attack | 3 | |
| Web | 1 | |
| Creature Carapace | 1 | |
5 total
» buildings
| Altar of Storms | 1 | |
| Altar of Darkness | 1 | |
| Ziggurat | 7 | |
| Orc Burrow | 2 | |
| Crypt | 3 | |
| Tomb of Relics | 1 | |
| War Mill | 1 | |
| Graveyard | 1 | |
| Watch Tower | 7 | |
| Voodoo Lounge | 1 | |
| Halls of the Dead | 5 | |
| Stronghold | 1 | |
| Slaughterhouse | 1 | |
| Sacrificial Pit | 1 | |
| Black Citadel | 1 | |
| Spirit Tower | 1 | |
| Great Hall | 1 | |
36 total
» build order
00:08 Altar of Storms
00:23 Altar of Darkness
00:24 Ziggurat
00:27 Orc Burrow
00:41 Crypt
01:02 Tomb of Relics
01:31 Ziggurat
01:44 War Mill
01:50 Crypt
02:04 Graveyard
02:11 Ziggurat
02:57 Watch Tower
03:24 Watch Tower
03:33 Ziggurat
03:52 Watch Tower
04:26 Watch Tower
06:03 Voodoo Lounge
06:06 Watch Tower
06:16 Halls of the Dead
06:16 Halls of the Dead
06:17 Halls of the Dead
06:17 Halls of the Dead
06:22 Crypt
07:34 Ziggurat
07:34 Ziggurat
07:42 Ziggurat
07:51 Watch Tower
08:00 Stronghold
08:52 Slaughterhouse
08:53 Sacrificial Pit
08:55 Black Citadel
10:26 Orc Burrow
15:01 Spirit Tower
19:24 Great Hall
19:44 Watch Tower
» items
| Rod of Necromancy | 2 | |
| Scroll of Town Portal | 3 | |
| Scroll of Healing | 1 | |
| Orb of Corruption | 1 | |
| Potion of Mana | 1 | |
8 total
Chat log
(00:13 / Allies) curlyfries: i'll fedh im
(00:29 / Allies) BigDilly: lets rush
(00:31 / Allies) BigDilly: mk foots
(00:36 / Allies) BigDilly: knights caster later
(00:39 / Allies) Stabbersquad: 3v4 "Let's rush"
(00:45 / Allies) curlyfries: yes
(00:49 / Allies) curlyfries: we can't go a long game with 3v4
(00:54 / Allies) BigDilly: yeah
(01:11 / Allies) Stabbersquad: It would make more sense than rushing 1v4
(01:15 / Allies) Stabbersquad: if you played it well and played it smart
(01:22 / Allies) curlyfries: shut your icy pants
(02:55 / All) Stabbersquad: level 1 harassing with potm lol
(03:06 / All) Pavel_D: just a scout
(03:13 / All) Stabbersquad: Suuure OK buddy
(03:21 / All) curlyfries: orange has some serious icy pants
(03:49 / Allies) BigDilly: almost ready?
(03:57 / Allies) Stabbersquad: yeah just creeping this
(04:04 / Allies) Stabbersquad: rush there
(04:07 / Allies) curlyfries: no
(04:16 / Allies) Stabbersquad: Rush blue
(04:19 / Allies) Stabbersquad: he's a bigger threat
(04:22 / Allies) Stabbersquad: level 1 harasser
(04:23 / Allies) Stabbersquad: he may push me
(04:30 / Allies) curlyfries: tough shit
(04:41 / Allies) Stabbersquad: Want to be militia tped?
(04:47 / Allies) Stabbersquad: I'm not helping then
(04:49 / Allies) curlyfries: are you seriously that icy?
(04:49 / Allies) Stabbersquad: Rush it yourselves 2v4
(04:51 / Allies) curlyfries: fine
(05:26 / Allies) BigDilly: b teal
(06:52 / All) Stabbersquad: yeah
(06:55 / All) Stabbersquad: right when the fucking expo starts
(06:57 / All) Stabbersquad: you go to attack it
(07:00 / All) Stabbersquad: and are RIGHT FUCKING THERE
(07:04 / All) Stabbersquad: Tell me that isn't maphack buddy
(07:04 / All) Opex: yep call me a hacker
(07:05 / All) Stabbersquad: Tell me
(07:09 / All) curlyfries: no one wants to play with you orange, leave
(07:14 / All) Stabbersquad: Shut the fuck up maggot
(08:00 / All) Stabbersquad: eat shit hacker
(08:02 / All) Opex: hacker
(08:09 / All) Pavel_D: HAckER!
(08:55 / Allies) Stabbersquad: wood
(08:56 / Allies) Stabbersquad: WOOD
(09:02 / Allies) curlyfries: eat shit
(09:02 / Allies) Stabbersquad: ty
(09:14 / Allies) Stabbersquad: Good man green
(09:16 / Allies) Stabbersquad: I like you
(09:21 / Allies) BigDilly: get units
(09:35 / Allies) curlyfries: what
(09:38 / Allies) curlyfries: you have 4 fucking peasants dude
(09:43 / Allies) curlyfries: make more if youw ant more wood
(10:18 / Allies) Stabbersquad: At least green is a team player
(10:24 / Allies) curlyfries: unlike you?
(10:29 / Allies) Stabbersquad: Unlike you bitch
(11:00 / Allies) curlyfries: you were the one who refused to rush
(11:12 / Allies) Stabbersquad: yeah since it was too far anyway
(14:15 / Allies) BigDilly: gold orange
(14:17 / Allies) BigDilly: plz
(14:27 / Allies) BigDilly: ty
(16:07 / Allies) BigDilly: tp?
(16:11 / Allies) curlyfries: no
(21:17 / Allies) curlyfries: red'll attack there
(21:30 / Allies) curlyfries: nm
(22:07 / Allies) BigDilly: making tanks
(22:19 / Allies) BigDilly: orange gold me dude
(22:23 / Allies) BigDilly: u almost have ten thousand
(22:23 / Allies) Stabbersquad: Gold for wood
(22:28 / Allies) BigDilly: ...
(22:29 / Allies) curlyfries: team player my ass
(22:34 / Allies) curlyfries: you can't spend 9k
(22:40 / Allies) Stabbersquad: I can
(22:42 / Allies) Stabbersquad: I just don't
(22:45 / Allies) Stabbersquad: I am the king of Jews
(25:55 / Allies) curlyfries: send mortars
(27:50 / All) Stabbersquad: Jesus I'm barely paying attention this game and nothing dire has happened
(28:49 / All) curlyfries: oj has 11k gold
(28:55 / Allies) BigDilly: gold
(28:58 / All) Stabbersquad: I've had more
(29:01 / All) Stabbersquad: It's nothing special
(29:02 / Allies) BigDilly: gold me
(29:04 / Allies) curlyfries: at least give teal gold
(29:22 / Allies) BigDilly: orange give me gold
(29:25 / Allies) BigDilly: stop being a faggot
(29:49 / Allies) BigDilly: lets go pink
(29:55 / All) Opex: ne sucks
(30:11 / Allies) curlyfries: let's go to yellow i guess
(30:12 / All) Stabbersquad: Ne is the noob race for people who can't play others
(30:24 / All) Pavel_D: Why? omg z0r?
(30:36 / All) Stabbersquad: You're NE you'd never understand
(31:24 / All) Pavel_D: 2 2 go
(31:31 / All) Pavel_D: 2 remaining
(31:42 / All) Pavel_D: who will leave next?
(31:56 / All) Pavel_D: i bet ill be orange
(33:10 / All) BigDilly: orange is a faggot
(33:14 / All) BigDilly: complete faggot
(33:17 / All) BigDilly: has 2 dads
(33:20 / All) Stabbersquad: lawl
(33:22 / All) Pavel_D: oh yes. that common knowledge
(33:24 / All) BigDilly: gg
(33:39 / All) BigDilly: he tk'd at the end
(33:42 / All) BigDilly: didnt do shit all game
(33:44 / All) Stabbersquad: I had no need to earlier
(33:46 / All) BigDilly: its was 2v4
(33:47 / All) Pavel_D: "ok"
(33:58 / All) BigDilly: lol he unsummed teal
(34:03 / All) BigDilly: and killed pink
(34:06 / All) BigDilly: why u think he left
(34:09 / All) BigDilly: ...
(37:33 / All) Opex: red u killed me on purpose?
(37:39 / All) whackamoel: what
(38:08 / All) whackamoel: u should have been watching ur hero
(38:27 / All) Stabbersquad: I'm barely paying attention I probably have 10 APM
(38:51 / All) Pavel_D: What does ATMP mean?
(41:06 / All) Opex: |
(42:02 / All) Opex: why are my allies asleep ><
(42:40 / All) whackamoel: purple what the fuck are u doing
(42:53 / All) Opex: red keeps forcing our heros to die ><
(43:34 / All) whackamoel: okie dokie yellow
(43:38 / All) whackamoel: ill finish game
(44:00 / All) Stabbersquad: This was a lazy game for me
(44:03 / All) Stabbersquad: I barely paid any attention
(44:06 / All) Stabbersquad: was just alt tabbing and shit
(44:18 / All) whackamoel: i thought for sure my team was stronger
(44:27 / All) Opex: was it fun to watch us struggle
(44:38 / All) Opex: because red is tk so just finish us off oj
(44:56 / All) whackamoel: u hear that oj? he says i tked
(45:13 / All) Opex: hes killing his own base now
(45:25 / All) Stabbersquad: You lose
(45:31 / All) Opex: obviously
(45:43 / All) Opex: red was on your team this entire time
(45:48 / All) Opex: i didnt know
(45:52 / All) Stabbersquad: lawl
(46:00 / All) whackamoel: i think hes in shock
(46:20 / All) Stabbersquad: Which team gets the loss? I say yours
(46:22 / All) Stabbersquad: Mine had a leaver
(46:25 / All) Stabbersquad: and 2 noobs